 Dungeon Crawl Stone Soup version 0.18.1-48-g4cf74bf (webtiles) character file.

2937 Lamnus the Carver (level 9, -11/71 HPs)
             Began as a Minotaur Gladiator on Aug 31, 2016.
             Was an Elder of Okawaru.
             Splashed by Pikel's acid (15 damage)
             ... on level 7 of the Dungeon.
             The game lasted 00:30:10 (5405 turns).

Lamnus the Carver (Minotaur Gladiator)              Turns: 5405, Time: 00:30:11

Health: -11/71     AC: -3    Str: 20    XL:     9   Next: 51%
Magic:  10/10      EV: 18    Int:  5    God:    Okawaru [****..]
Gold:   407        SH:  0    Dex: 17    Spells: 0 memorised, 8 levels left

rFire  . . .     SeeInvis .     a - +1 long sword
rCold  . . .     Gourm    .     b - +0 leather armour
rNeg   . . .     Faith    .     (no shield)
rPois  .         Spirit   .     c - +0 hat
rElec  .         Dismiss  .     O - +0 cloak
rCorr  .         Reflect  .     (no gloves)
SustAt .         Harm     .     e - +0 pair of boots
MR     .....                    i - amulet of regeneration
Stlth  +.........               (no ring)
                                w - +3 ring of dexterity

@: corroded, drained, not resistant to hostile enchantments, very unstealthy
A: retaliatory headbutt, horns 2
a: Heroism, Renounce Religion


You were on level 7 of the Dungeon.
You worshipped Okawaru.
Okawaru was greatly pleased with you.
You were hungry.

You visited 1 branch of the dungeon, and saw 7 of its levels.

You collected 407 gold pieces.

Inventory:

Hand Weapons
 a - a +1 long sword (weapon)
 J - a +1 scimitar of holy wrath
Missiles
 d - 3 throwing nets (quivered)
 A - 12 tomahawks of returning
Armour
 b - a +0 leather armour (worn)
 c - a +0 hat (worn)
 e - a +0 pair of boots (worn)
 O - a +0 cloak (worn)
Jewellery
 i - an amulet of regeneration (around neck)
 q - an uncursed amulet of the gourmand
 w - a +3 ring of dexterity (left hand)
 E - an uncursed amulet of faith
Wands
 k - a wand of iceblast (13/15)
 u - a wand of iceblast (5/15)
Scrolls
 j - 2 scrolls of enchant weapon
 o - 3 scrolls of recharging
 r - 2 scrolls of random uselessness
 s - a scroll of fear
 t - 4 scrolls of remove curse
 v - a scroll of teleportation {unknown}
 y - 2 scrolls of enchant armour
 z - 3 scrolls of blinking
 C - a scroll of amnesia
 F - a scroll of holy word {unknown}
 G - a scroll of magic mapping {unknown}
 H - a scroll of immolation {unknown}
Potions
 l - 3 potions of curing
 m - a potion of cure mutation
 n - a potion of magic
 x - a potion of resistance {unknown}
 B - a potion of degeneration {unknown}
 I - a potion of heal wounds
 M - 2 potions of brilliance {unknown}
 N - 2 potions of flight {unknown}
Comestibles
 f - 9 bread rations
 g - 9 fruits
 h - 2 slices of pizza
 p - 3 meat rations
 D - a royal jelly
 K - a chunk of flesh
 L - a beef jerky


   Skills:
 - Level 4.1(3.9) Fighting
 + Level 11.5(11.2) Long Blades
 - Level 2.0(1.7) Throwing
 + Level 9.7(9.4) Dodging
 - Level 3.0(2.7) Invocations


You had 8 spell levels left.
You didn't know any spells.

Dungeon Overview and Level Annotations

Branches:
Dungeon (7/15)             Temple (0/1) D:7

Altars:
Cheibriados
Dithmenos
Fedhas
Kikubaaqudgha
Okawaru
Pakellas

Shops:
D:4 [

Annotations:
D:7 Pikel


Innate Abilities, Weirdness & Mutations

You reflexively headbutt those who attack you in melee.
You have a pair of horns on your head.


Message History

You barely miss Pikel. You headbutt Pikel!
Pikel is almost dead.
Pikel zaps a wand.
The bolt of acid misses you.
You hit Pikel but do no damage.
Pikel is severely wounded.
You hit Pikel but do no damage. Your headbutt misses Pikel.
Pikel is severely wounded.
Pikel hits you with a whip of electrocution.
You closely miss Pikel.
Pikel is severely wounded.
Pikel hits you with a whip of electrocution!
You barely miss Pikel.
Pikel is severely wounded.
Pikel barely misses you.
You hit Pikel but do no damage. You headbutt Pikel.
Pikel is almost dead.
Pikel zaps a wand.
The bolt of acid hits you!
* * * LOW HITPOINT WARNING * * *
The acid corrodes you!
The acid burns!
You die...

.#####...# .# #...# ##
##### # ###### #....#
#####.#### ......####
#### .......^.######.@#
.####.#####.#..##Kprr..#
......##...#.### ###r##.
.####.##.#####
#####.#.## .........#
###.#.#.## # #......#
#####.####


You could see Pikel, a slave, a river rat and 2 rats.

Vanquished Creatures
  The ghost of Schimscham the Covered, a novice MiFi of Qazlal (D:7)
  Grinder (D:4)
  Eustachio (D:4)
  A hippogriff (D:7)
  Menkaure (D:5)
  Edmund (D:4)
  A slave (D:7)
  2 sky beasts (D:7)
  2 ice beasts (D:6)
  A necrophage (D:7)
  5 ogres
  Blork the orc (D:5)
  3 scorpions
  A centaur skeleton (D:5)
  A giant frog zombie (D:5)
  2 jellies (D:7)
  2 hounds
  Crazy Yiuf (D:7)
  An iguana (D:7)
  An orc wizard (D:7)
  6 worker ants
  A hound zombie (D:6)
  2 hound skeletons (D:4)
  9 adders
  4 gnolls
  A river rat (D:7)
  2 shadow imps
  2 oozes
  2 worms
  2 dart slugs
  5 giant geckos
  13 orcs
  3 ball pythons
  3 giant cockroaches
  8 goblins
  4 hobgoblins (D:1)
  6 jackals
  6 quokkas
  8 bats
  5 giant newts
  A jackal skeleton (D:5)
  A jackal zombie (D:5)
  5 kobolds
  A quokka skeleton (D:5)
  4 rats
134 creatures vanquished.

Vanquished Creatures (others)
  An iguana (D:4)
1 creature vanquished.

Grand Total: 135 creatures vanquished

Notes
Turn   | Place    | Note
--------------------------------------------------------------
     0 | D:1      | Lamnus the Minotaur Gladiator began the quest for the Orb.
     0 | D:1      | Reached XP level 1. HP: 18/18 MP: 0/0
   126 | D:1      | Reached skill level 4 in Long Blades
   131 | D:1      | Reached XP level 2. HP: 21/25 MP: 1/1
   951 | D:2      | Reached XP level 3. HP: 30/30 MP: 2/2
  1540 | D:3      | Reached XP level 4. HP: 37/37 MP: 3/3
  1649 | D:3      | Found an iron altar of Okawaru.
  1658 | D:3      | Became a worshipper of Warmaster Okawaru
  1863 | D:3      | Reached skill level 5 in Long Blades
  2176 | D:4      | Noticed an ogre
  2234 | D:3      | Killed an ogre
  2234 | D:3      | Reached skill level 5 in Dodging
  2234 | D:3      | Reached XP level 5. HP: 35/42 MP: 4/4
  2307 | D:4      | Reached skill level 6 in Long Blades
  2309 | D:4      | Noticed an ogre
  2324 | D:4      | Killed an ogre
  2324 | D:4      | Reached * piety under Okawaru
  2324 | D:4      | Reached XP level 6. HP: 46/50 MP: 5/5
  2506 | D:4      | Noticed Grinder
  2517 | D:4      | Killed Grinder
  2517 | D:4      | Reached ** piety under Okawaru
  2517 | D:4      | Reached skill level 7 in Long Blades
  2517 | D:4      | Reached XP level 7. HP: 59/59 MP: 6/6
  2590 | D:4      | Noticed Edmund
  2606 | D:4      | Killed Edmund
  2606 | D:4      | Reached skill level 1 in Invocations
  2771 | D:4      | Reached skill level 8 in Long Blades
  2790 | D:4      | Found Kitiac's Armour Boutique.
  2850 | D:4      | Noticed Eustachio
  2876 | D:4      | Killed Eustachio
  3051 | D:4      | Found an oddly glowing altar of Pakellas.
  3051 | D:4      | Noticed an orange crystal statue
  3215 | D:5      | Entered Level 5 of the Dungeon
  3235 | D:5      | Noticed Menkaure
  3241 | D:5      | Killed Menkaure
  3241 | D:5      | Reached *** piety under Okawaru
  3241 | D:5      | Reached XP level 8. HP: 66/66 MP: 9/9
  3258 | D:5      | Noticed Blork the orc
  3266 | D:5      | Killed Blork the orc
  3266 | D:5      | Reached skill level 9 in Long Blades
  3444 | D:5      | Found an ancient bone altar of Kikubaaqudgha.
  3898 | D:6      | Found a blossoming altar of Fedhas.
  4505 | D:7      | Reached skill level 10 in Long Blades
  4612 | D:7      | Reached **** piety under Okawaru
  4656 | D:7      | Found a shadowy altar of Dithmenos.
  4676 | D:7      | Received a gift from Okawaru
  4716 | D:7      | Reached XP level 9. HP: 70/71 MP: 10/10
  4769 | D:7      | Noticed Schimscham's ghost (novice MiFi)
  4786 | D:7      | Killed Schimscham's ghost
  4786 | D:7      | Reached skill level 11 in Long Blades
  4809 | D:7      | Found a staircase to the Ecumenical Temple.
  4859 | D:7      | Found a snail-covered altar of Cheibriados.
  5056 | D:7      | Noticed Crazy Yiuf
  5063 | D:7      | Killed Crazy Yiuf
  5386 | D:7      | Noticed Pikel
  5405 | D:7      | Splashed by Pikel's acid

Skill      XL: |  1  2  3  4  5  6  7  8  9 |
---------------+----------------------------+-----
Long Blades    | 4 5 6 7 8 10 11 | 11.5
Dodging        | 4 5 6 8 9 |  9.7
Fighting       | 4 |  4.1
Invocations    | 3 |  3.0
Throwing       | |  2.0

Action                   |  1- 3 |  4- 6 |  7- 9 || total
-------------------------+-------+-------+-------++-------
Melee: Long sword        |    88 |    63 |   229 ||   380
       Headbutt          |    12 |    15 |    68 ||    95
       Scimitar          |       |       |    16 ||    16
Throw: Throwing net      |       |     1 |       ||     1
Invok: Heroism           |       |       |     1 ||     1
  Use: Scroll            |    10 |       |     5 ||    15
       Potion            |       |       |     1 ||     1
 Stab: Sleeping          |     1 |       |       ||     1
       Distracted        |       |       |     1 ||     1
  Eat: Chunk             |     2 |     3 |     9 ||    14
Armor: Leather armour    |    14 |     8 |    18 ||    40
Dodge: Dodged            |    69 |    44 |   153 ||   266
